 Dungeon Crawl Stone Soup version 0.24-a0-762-gca426f5 (webtiles) character file.

Game seed: 4826358890206731983, levelgen mode: deterministic

10674 Bloodrosh the Cleaver (level 11, -3/100 HPs)
             Began as a Hill Orc Fighter on Oct 4, 2019.
             Was a Believer of Beogh.
             Slain by a white ugly thing (33 damage)
             ... on level 14 of the Dungeon.
             The game lasted 00:53:03 (9676 turns).

Bloodrosh the Cleaver (Hill Orc Fighter)            Turns: 9676, Time: 00:53:06

Health: -3/100     AC: 21    Str: 23    XL:     11   Next: 65%
Magic:  13/13      EV:  6    Int:  8    God:    Beogh [**....]
Gold:   547        SH: 11    Dex: 10    Spells: 10/10 levels left

rFire    + . .     SeeInvis +   a - +0 war axe
rCold    . . .     Gourm    .   c - +0 shield
rNeg     . . .     Faith    .   J - +3 plate armour
rPois    .         Spirit   .   A - +0 hat {SInv}
rElec    .         Reflect  .   (no cloak)
rCorr    .         Harm     .   (no gloves)
MR       .....                  (no boots)
Stlth    ..........             C - amulet of regeneration
HPRegen  0.66/turn              l - +4 ring of protection
MPRegen  0.13/turn              i - ring of protection from fire

@: no status effects
A: no striking features
a: Smiting, Renounce Religion


You were on level 14 of the Dungeon.
You worshipped Beogh.
Beogh was pleased with you.
You were not hungry.

You visited 1 branch of the dungeon, and saw 12 of its levels.

You collected 547 gold pieces.

Inventory:

Hand Weapons
 a - a +0 war axe (weapon)
 z - a +2 flail of holy wrath
 I - a +4 glaive
Armour
 c - a +0 shield (worn)
 m - a +2 chain mail of poison resistance
 A - a +0 hat of see invisible (worn)
 J - a +3 plate armour (worn)
Jewellery
 g - an uncursed ring of ice
 i - a ring of protection from fire (right hand)
 l - a +4 ring of protection (left hand)
 n - an uncursed ring of fire
 o - an uncursed ring of stealth
 y - an uncursed ring of fire
 C - an amulet of regeneration (around neck)
 E - an uncursed ring of wizardry
 G - an uncursed amulet of inaccuracy
Wands
 r - a wand of flame (18)
 u - a wand of iceblast (7)
Scrolls
 b - a scroll of fear {unknown}
 q - a scroll of fog {unknown}
 v - a scroll of remove curse
 x - 4 scrolls of identify
 B - 3 scrolls of teleportation
 H - 3 scrolls of enchant weapon {unknown}
Potions
 d - 5 potions of might
 e - 4 potions of heal wounds
 h - 2 potions of lignification
 j - 3 potions of agility
 k - 5 potions of curing
 p - 3 potions of ambrosia
 s - 3 potions of haste
 t - 2 potions of brilliance
 F - a potion of cancellation
Comestibles
 f - 13 rations


   Skills:
 + Level 10.2 Fighting
 * Level 14.3 Axes
 + Level 9.4 Armour
 + Level 9.4 Shields
 + Level 3.2 Invocations


You had 10 spell levels left.
You didn't know any spells.
Your spell library contained the following spells:

 Spells                   Type           Power        Failure   Level  Hunger
 Corona                   Hex            #......      100%        1    ##.....
 Infusion                 Chrm           #...         100%        1    ##.....
 Poisonous Vapours        Pois/Air       #.....       100%        2    ###....
 Shroud of Golubria       Chrm/Tloc      #.....       100%        2    ###....
 Slow                     Hex            #.......     100%        2    ###....
 Song of Slaying          Chrm           #.......     100%        2    ###....
 Conjure Flame            Conj/Fire      #.......     100%        3    ####...
 Inner Flame              Hex/Fire       #.......     100%        3    ####...
 Mephitic Cloud           Conj/Pois/Air  #.......     100%        3    ####...
 Portal Projectile        Hex/Tloc       #.....       100%        3    ####...
 Regeneration             Chrm/Necr      #.........   100%        3    ####...
 Spectral Weapon          Hex/Chrm       #.......     100%        3    ####...
 Cause Fear               Hex            #.........   100%        4    #####..
 Leda's Liquefaction      Hex/Erth       #.........   100%        4    #####..
 Freezing Cloud           Conj/Ice/Air   #.........   100%        6    #######
 Ring of Flames           Chrm/Fire      #.........   100%        7    #######


Dungeon Overview and Level Annotations

Branches:
Dungeon (11/15)            Temple (0/1) D:6             Orc (0/2) D:10
   Lair: D:8-11

Altars:
Ashenzari
Elyvilon
Fedhas
Gozag
Hepliaklqana
Kikubaaqudgha
Nemelex Xobeh
Qazlal
Ru
Uskayaw
Vehumet
Wu Jian
Xom
Zin
The Shining One

Shops:
D:5 *[   D:11 %

Annotations:
D:5 1 runed translucent door, pichaelthompson's ghost, novice GnFi
D:8 3 runed translucent doors


Message History

You slash the orc!
You kill the orc!
Beogh accepts your kill.
You hit the white ugly thing. You block the orc warrior's attack.
The white ugly thing punches you. The white ugly thing freezes you!!
You barely miss the white ugly thing.
The white ugly thing is heavily wounded.
You hit the white ugly thing. You hit the orc warrior.
You barely miss the wyvern simulacrum.
Your shield and plate armour prevent you from hitting the white ugly thing.
You block the white ugly thing's attack.
The wyvern simulacrum bites you. The wyvern simulacrum freezes you!
You closely miss the white ugly thing.
The white ugly thing is heavily wounded.
You hit the white ugly thing. You hit the orc warrior.
You hit the wyvern simulacrum but do no damage.
You hit the white ugly thing. The white ugly thing punches you!
* * * LOW HITPOINT WARNING * * *
The white ugly thing freezes you!!
You die...

#.........#
#.........#......#
#.........#......#
#.........#.......
#.........#.......
#.........#......#
#........Y#......#
#.......§u#o.....#
#.......uu@Z.....#
#........u#......#
#.........########
###########


You could see 4 ugly things, an orc warrior, a sky beast and a wyvern
simulacrum.

Vanquished Creatures
  Gastronok (D:11)
  A two-headed ogre (D:10)
  An unseen horror (D:10)
  Pikel (D:4)
  2 gargoyles (D:11)
  2 trolls
  A hornet (D:9)
  2 hippogriffs (D:9)
  A vampire (D:10)
  A steam dragon (D:11)
  Eustachio (D:4)
  Edmund (D:6)
  2 soldier ants (D:9)
  2 water moccasins
  A sky beast (D:9)
  6 orc warriors
  A phantom (D:8)
  A necrophage (D:10)
  4 wolves (D:11)
  4 ogres
  7 centaurs
  A big kobold (D:10)
  3 bullfrogs
  A gnoll sergeant (D:10)
  3 scorpions
  6 wights
  8 killer bees
  4 howler monkeys
  4 crimson imps
  4 jellies
  5 hounds
  2 orc priests (D:10)
  2 centaur skeletons
  A bullfrog skeleton (D:4)
  Ijyb (D:4)
  Terence (D:3)
  An iguana (D:8)
  12 orc wizards
  12 worker ants
  2 hound skeletons
  A worker ant zombie (D:9)
  6 gnolls
  7 adders
  2 shadow imps
  2 oozes
  An adder zombie (D:9)
  2 adder skeletons (D:6)
  A worm (D:2)
  A dart slug (D:2)
  2 leopard geckos
  40 orcs
  3 giant cockroaches
  7 goblins
  13 hobgoblins
  4 jackals (D:2)
  4 quokkas
  8 bats
  5 frilled lizards
  A jackal skeleton (D:8)
  19 kobolds
  A leopard gecko skeleton (D:7)
  7 rats
253 creatures vanquished.

Vanquished Creatures (others)
  An adder (D:4)
  5 orcs (D:4)
  2 plants
8 creatures vanquished.

Grand Total: 261 creatures vanquished

Notes
Turn   | Place    | Note
-------+----------+-------------------------------------------
     0 | D:1      | Bloodrosh the Hill Orc Fighter began the quest for the Orb.
     0 | D:1      | Reached XP level 1. HP: 19/19 MP: 1/1
   242 | D:1      | Reached skill level 3 in Axes
   291 | D:1      | Reached XP level 2. HP: 27/27 MP: 2/2
   502 | D:1      | Reached XP level 3. HP: 29/33 MP: 3/3
  1326 | D:2      | Reached skill level 4 in Axes
  1366 | D:2      | Reached XP level 4. HP: 38/40 MP: 4/4
  1397 | D:2      | Found a radiant altar of Vehumet.
  1803 | D:3      | Noticed Terence
  1829 | D:3      | Killed Terence
  2021 | D:3      | Reached XP level 5. HP: 47/47 MP: 5/5
  2479 | D:4      | Noticed Eustachio
  2488 | D:4      | Reached skill level 5 in Axes
  2550 | D:4      | Killed Eustachio
  2550 | D:4      | Reached XP level 6. HP: 24/55 MP: 6/6
  2596 | D:4      | Noticed Pikel
  2600 | D:4      | Noticed a slave
  2602 | D:4      | Noticed a slave
  2606 | D:4      | Noticed a slave
  2608 | D:4      | Noticed a slave
  2623 | D:4      | Killed Pikel
  2623 | D:4      | Reached skill level 5 in Fighting
  2623 | D:4      | Reached skill level 7 in Axes
  2623 | D:4      | Reached skill level 5 in Armour
  2623 | D:4      | Reached skill level 5 in Shields
  2623 | D:4      | Reached XP level 7. HP: 16/62 MP: 7/7
  2860 | D:4      | Found a hazy altar of Hepliaklqana.
  2982 | D:4      | Noticed Ijyb
  2983 | D:4      | Paralysed by Ijyb for 4 turns
  2994 | D:4      | Paralysed by Ijyb for 7 turns
  3013 | D:4      | Killed Ijyb
  3107 | D:4      | Reached XP level 8. HP: 66/70 MP: 8/8
  3195 | D:4      | Found a sparkling altar of Nemelex Xobeh.
  3247 | D:4      | Found an ornate altar of the Wu Jian Council.
  3268 | D:5      | Entered Level 5 of the Dungeon
  3282 | D:5      | Reached skill level 8 in Axes
  3451 | D:5      | Found Zin's Purification Station.
  3452 | D:5      | Found a runed translucent door.
  3485 | D:5      | Found a glowing silver altar of Zin.
  3494 | D:5      | Found Bimuluso's Armour Emporium.
  3501 | D:5      | Noticed pichaelthompson's ghost (novice GnFi)
  4211 | D:5      | Found a blossoming altar of Fedhas.
  4213 | D:5      | Found an ancient bone altar of Kikubaaqudgha.
  4598 | D:6      | Found a stormy altar of Qazlal.
  4675 | D:6      | Found a shattered altar of Ashenzari.
  4675 | D:6      | Found a glowing golden altar of the Shining One.
  4679 | D:6      | Found a white marble altar of Elyvilon.
  4679 | D:6      | Found a hide-covered altar of Uskayaw.
  4697 | D:6      | Noticed Edmund
  4712 | D:6      | Killed Edmund
  4712 | D:6      | Reached skill level 9 in Axes
  4840 | D:6      | Found a staircase to the Ecumenical Temple.
  5049 | D:6      | Reached XP level 9. HP: 75/78 MP: 9/9
  5060 | D:6      | Found an opulent altar of Gozag.
  5237 | D:7      | Reached skill level 10 in Axes
  5527 | D:7      | Found a sacrificial altar of Ru.
  5807 | D:8      | Found a shimmering altar of Xom.
  5808 | D:8      | Found a shimmering altar of Xom.
  5809 | D:8      | Found a shimmering altar of Xom.
  5991 | D:8      | Found a shimmering altar of Xom.
  5992 | D:8      | Found a shimmering altar of Xom.
  6286 | D:8      | Found a runed translucent gate.
  6286 | D:8      | Found a runed translucent gate.
  6286 | D:8      | Found a runed translucent gate.
  6286 | D:8      | Noticed a green ugly thing
  6286 | D:8      | Noticed a white very ugly thing
  6286 | D:8      | Noticed a green ugly thing
  6286 | D:8      | Noticed a green ugly thing
  6694 | D:9      | Reached skill level 11 in Axes
  6901 | D:9      | Became a worshipper of Beogh the Brigand
  7040 | D:9      | Reached XP level 10. HP: 79/88 MP: 10/10
  7420 | D:9      | Paralysed by a hornet for 2 turns
  7540 | D:9      | Reached skill level 12 in Axes
  7603 | D:10     | Entered Level 10 of the Dungeon
  7778 | D:10     | Noticed a two-headed ogre
  7834 | D:10     | Killed a two-headed ogre
  7849 | D:10     | Killed an unseen horror
  8051 | D:10     | Reached skill level 13 in Axes
  8172 | D:11     | Reached * piety under Beogh
  8422 | D:10     | Reached XP level 11. HP: 94/97 MP: 11/11
  8811 | D:10     | Found a staircase to the Orcish Mines.
  8965 | D:11     | Reached ** piety under Beogh
  9037 | D:11     | Reached skill level 1 in Invocations
  9213 | D:11     | Reached skill level 10 in Fighting
  9318 | D:11     | Found Otyhoagu's Food Shop.
  9345 | D:11     | Noticed Gastronok
  9370 | D:11     | Killed Gastronok
  9370 | D:11     | Reached skill level 14 in Axes
  9659 | D:11     | You fall into a shaft and drop 3 floors!
  9659 | D:14     | Noticed a white ugly thing
  9659 | D:14     | Noticed a white ugly thing
  9659 | D:14     | Noticed a white ugly thing
  9660 | D:14     | Noticed a white ugly thing
  9676 | D:14     | Slain by a white ugly thing

Levels and vault maps discovered:
D:1:      dpeg_arrival_arbitrary_a, layout_basic, lexackson_kobold_supper
D:2:      layout_rooms, vehumet_crystals
D:3:      layout_loops_cross, nicolae_overflow_hidden_temple, first_ration,
          uniq_terence
D:4:      layout_basic, kennysheep_mini, overflow_temple_1_default,
          nemelex_spade_bored_becter, uniq_ijyb, uniq_eustachio, uniq_pikel
D:5:      layout_cave_pools, grunt_temple_overflow_growth_and_decay, zin_purify,
          serial_shops, shop, hellmonk_ghost_happy_afterlife,
          chequers_serial_rivers_large_a
D:6:      layout_rooms, grunt_qazlal_sundering, marbit_many_paths,
          grunt_temple_overflow_open, minmay_temple_entry_overgrown, uniq_edmund
D:7:      layout_rooms, nicolae_ru_path_of_blood
D:8:      layout_basic, xom_redecorated,
          ploomutoo_gammafunk_ghost_potion_laboratory
D:9:      layout_loops_ring, hangedman_pestilent_swarm, hangedman_glass_garden
D:10:     layout_roguey, david_orc_4
D:11:     layout_roguey, erik_lair_island, serial_shops, shop_fountains,
          minmay_hollow_rounded_squares, uniq_gastronok
D:14:     layout_gridville, serial_park_square3 [serial_park_minivault_5x5_6],
          st_stairs_13, uniq_louise

Skill      XL: |  1  2  3  4  5  6  7  8  9 10 11 |
---------------+----------------------------------+-----
Axes           | 3 4 5 7 9 11 13 14 | 14.3
Fighting       | 4 5 6 8 9 10 | 10.2
Shields        | 4 5 6 7 8 9 |  9.4
Armour         | 4 5 6 7 8 9 |  9.4
Invocations    | 3 |  3.2

Action                   |  1- 3 |  4- 6 |  7- 9 | 10-12 || total
-------------------------+-------+-------+-------+-------++-------
Melee: War axe           |   142 |   193 |   471 |   470 ||  1276
       Flail             |       |       |    26 |       ||    26
Invok: Convert to Beogh  |       |       |     1 |       ||     1
Evoke: Wand              |       |     8 |     4 |     7 ||    19
  Use: Scroll            |       |       |    14 |     2 ||    16
       Potion            |       |       |     2 |     1 ||     3
  Eat: Chunk             |     1 |     5 |     8 |     3 ||    17
       Ration            |       |       |     2 |     2 ||     4
Armor: Scale mail        |    57 |    43 |       |       ||   100
       Chain mail        |       |    79 |   213 |       ||   292
       Plate armour      |       |       |    35 |   276 ||   311
Dodge: Dodged            |    49 |    47 |    80 |    79 ||   255
Block: Shield            |    69 |   115 |   239 |   270 ||   693

Table legend:
 A = Non-vault XP
 B = Vault XP
 C = Vault XP percentage of total XP
 D = Non-vault monster count
 E = Vault monster count
 F = Vault count percentage of total count
                 A         B        C        D         E       F
            +---------+---------+-------+---------+---------+-------
      Total |    9697 |    5552 |  36.4 |     212 |      41 |  16.2
            +---------+---------+-------+---------+---------+-------
        D:1 |      50 |      11 |  18.0 |      30 |       8 |  21.1
        D:2 |      42 |       0 |   0.0 |      15 |       0 |   0.0
        D:3 |      64 |      36 |  36.0 |      22 |       1 |   4.3
        D:4 |     207 |     878 |  80.9 |       4 |       3 |  42.9
        D:5 |     343 |       0 |   0.0 |       8 |       0 |   0.0
        D:6 |     616 |     209 |  25.3 |      19 |       2 |   9.5
        D:7 |     780 |       0 |   0.0 |      23 |       0 |   0.0
        D:8 |     246 |       0 |   0.0 |       6 |       0 |   0.0
        D:9 |    1681 |     616 |  26.8 |      29 |       4 |  12.1
       D:10 |    2947 |     639 |  17.8 |      30 |       8 |  21.1
       D:11 |    2678 |    3163 |  54.2 |      24 |      15 |  38.5
       D:14 |      43 |       0 |   0.0 |       2 |       0 |   0.0
            +---------+---------+-------+---------+---------+-------
